 Dungeon Crawl Stone Soup version 0.29.1-12-g30fa7ad0bf (webtiles) character file.

Game seed: 15784533457406555136

3493 Radix the Basher (level 10, -2/60 HPs)
             Began as a Gargoyle Cinder Acolyte on Dec 31, 2022.
             Was an Initiate of Ignis.
             Slain by an orc warrior
             ... wielding a +0 long sword
              (11 damage)
             ... on level 8 of the Dungeon.
             The game lasted 00:43:22 (10107 turns).

Radix the Basher (Gargoyle Cinder Acolyte)         Turns: 10107, Time: 00:43:23

Health: -2/60      AC: 16    Str: 19    XL:     10   Next: 7%
Magic:  2/20       EV: 10    Int: 18    God:    Ignis [......]
Gold:   350        SH:  2    Dex:  5    Spells: 20/22 levels left

rFire   + . .      SeeInvis +   q - +2 whip (pain)
rCold   . . .      Faith    .   j - +0 buckler
rNeg    + . .      Spirit   .   A - +1 steam dragon scales
rPois   ∞          Reflect  .   k - +0 helmet
rElec   +          Harm     .   g - +0 cloak
rCorr   .          Rampage  .   z - +0 pair of gloves
Will    .....                   (no boots)
Stlth   +.........              (no amulet)
HPRegen 0.20/turn               f - ring of see invisible
MPRegen 0.17/turn               (no ring)

@: no status effects
A: sickness immunity, AC +7, negative energy resistance 1, electricity
resistance, torment resistance 1, petrification resistance
a: Renounce Religion, Rising Flame


You were on level 8 of the Dungeon.
You worshipped Ignis.
Ignis was noncommittal.
You visited 1 branch of the dungeon, and saw 8 of its levels.

You collected 350 gold pieces.

Inventory:

Hand Weapons
 a - a +0 vorpal mace
 q - a +2 whip of pain (weapon)
Armour
 b - a +0 robe
 g - a +0 cloak (worn)
 j - a +0 buckler (worn)
 k - a +0 helmet (worn)
 y - an orb of energy
 z - a +0 pair of gloves (worn)
 A - +1 steam dragon scales (worn)
Jewellery
 d - a ring of ice
 f - a ring of see invisible (left hand)
Wands
 n - a wand of charming (15)
 F - a wand of roots (9)
Scrolls
 l - 2 scrolls of teleportation
 p - 3 scrolls of magic mapping
 B - 5 scrolls of identify
 E - a scroll of torment
Potions
 e - a potion of brilliance
 i - a potion of degeneration
 o - 2 potions of mutation
 r - 3 potions of ambrosia {unknown}
 s - a potion of berserk rage {unknown}
 t - 2 potions of attraction
 u - a potion of magic {unknown}
 C - a potion of flight {unknown}


   Skills:
 + Level 6.3 Fighting
 + Level 8.2 Maces & Flails
 + Level 6.9 Spellcasting
 + Level 3.4 Conjurations
 + Level 7.4 Fire Magic


You had 20 spell levels left.
You knew the following spells:

 Your Spells              Type           Power      Damage    Failure   Level
a - Scorch                Fire           66%        2d8       1%          2

Your spell library contained the following spells:

 Spells                   Type           Power      Damage    Failure   Level
 Conjure Flame            Conj/Fire      25%        6-21      4%          3
 Shock                    Conj/Air       48%        1d6       8%          1
 Static Discharge         Conj/Air       12%        3-5/arc   11%         2
 Necrotise                Necr           24%        1d5       16%         1
 Ignite Poison            Fire/Tmut/Pois 15%        N/A       16%         3
 Sticky Flame             Conj/Fire      25%        2d5       16%         4
 Swiftness                Air            6%         N/A       41%         3
 Vampiric Draining        Necr           6%         2d6       41%         3
 Airstrike                Air            3%         2d(1-17)  83%         4
 Dispel Undead            Necr           6%         3d8       83%         4
 Agony                    Necr           6%         N/A       99%         5


Dungeon Overview and Level Annotations

Branches:
Dungeon (8/15)             Temple (0/1) D:5
   Lair: D:8-11

Altars:
Sif Muna
Trog

Shops:
D:4 ?

Annotations:
D:7 2 transporters, holycorn's ghost, novice MiBe


Innate Abilities, Weirdness & Mutations

You are immune to sickness and miasma.
Your stone body is resilient. (AC +7)
You are immune to poison.
You resist negative energy. (rN+)
You are resistant to electric shocks. (rElec)
You are resistant to unholy torment.
You are immune to petrification.


Message History

You kill the orc priest!
The orc priest is no longer more vulnerable to fire.
The orc warrior closely misses you.
Unknown command.
Casting: Scorch (safe; 1% risk of failure)
Confirm with . or Enter, or press ? or * to list all spells.
Flames lash the orc warrior.
The orc warrior is burned terribly!
The orc warrior is moderately wounded.
The orc warrior hits you with a +0 long sword.
Unknown command.
Casting: Scorch (safe; 1% risk of failure)
Confirm with . or Enter, or press ? or * to list all spells.
Flames lash the orc warrior but do no damage.
The orc warrior barely misses you.
Unknown command.
Casting: Scorch (safe; 1% risk of failure)
Confirm with . or Enter, or press ? or * to list all spells.
Flames lash the orc warrior.
The orc warrior is burned terribly!
The orc warrior is moderately wounded.
The orc warrior hits you with a +0 long sword!
Unknown command.
You hit the orc warrior but do no damage.
The orc warrior is moderately wounded.
The orc warrior hits you with a +0 long sword.
You hit the orc warrior.
The orc warrior is heavily wounded.
You hit the orc warrior but do no damage.
The orc warrior is heavily wounded.
The orc warrior hits you but does no damage.
You hit the orc warrior but do no damage.
The orc warrior is heavily wounded.
The orc warrior hits you with a +0 long sword!
* * * LOW HITPOINT WARNING * * *
The orc priest looks satisfied for a moment.
Okay, then.
The air fills with toxic fumes!
As you read the scroll labelled MATTAE KELACUX, it crumbles to dust.
It was a scroll of poison.
The orc warrior hits you with a +0 long sword!
You die...

#... #### ###### ###
......## #§≈ .....# #§# #
#..#### #§## ####≈###......
##§§#§§§#≈≈#.....###
##§§@oo§§#≈≈......# #
#######§§§§#§§§#≈≈#.##..###
#..§§§§§#§## ####≈.........
#.#####.#§##≈≈≈##≈#.#######
........§§≈≈≈≈≈≈≈ #.# #
#.##..#§##.########†#
#..#§# .# #....# #..#.##.#
#.#### # ##..#..#.## #.# ##


You could see an orc warrior (combustible) and an orc priest.

Vanquished Creatures
  An ugly thing (D:8)
  Maggie (D:6)
  A wyvern (D:8)
  A yak (D:8)
  A water moccasin (D:8)
  2 ice beasts
  3 centaurs
  4 bullfrogs
  Blork the orc (D:4)
  A necrophage (D:7)
  A scorpion (D:7)
  3 wights (D:8)
  3 killer bees (D:7)
  A jelly (D:7)
  2 gnoll boudas
  5 orc priests
  A hound (D:5)
  Jessica (D:3)
  2 iguanas
  7 orc wizards
  A hound skeleton (D:3)
  Robin (D:3)
  10 adders
  16 gnolls
  2 white imps
  An adder zombie (D:3)
  2 adder skeletons (D:3)
  4 dart slugs
  24 orcs
  8 bats
  6 endoplasms
  3 giant cockroaches
  15 goblins
  9 hobgoblins
  12 jackals
  7 quokkas
  7 ball pythons
  3 ball python skeletons (D:3)
  A ball python zombie (D:3)
  7 frilled lizards
  5 kobolds
  A quokka skeleton (D:3)
  7 rats
194 creatures vanquished.

Vanquished Creatures (collateral kills)
  2 yaks (D:8)
2 creatures vanquished.

Grand Total: 196 creatures vanquished

Notes
Turn   | Place    | Note
-------+----------+-------------------------------------------
     0 | D:1      | Radix the Gargoyle Cinder Acolyte began the quest for the
                  | Orb.
     0 | D:1      | Reached XP level 1. HP: 14/14 MP: 2/2
   301 | D:1      | Reached XP level 2. HP: 19/19 MP: 3/3
   845 | D:1      | Reached XP level 3. HP: 19/24 MP: 5/5
  1715 | D:2      | Reached XP level 4. HP: 29/29 MP: 7/7
  2217 | D:2      | Found a faded altar of an unknown god.
  2678 | D:2      | Reached skill level 4 in Maces & Flails
  2832 | D:2      | Reached XP level 5. HP: 17/34 MP: 8/8
  3140 | D:3      | Noticed Robin
  3145 | D:3      | Killed Robin
  3334 | D:3      | Noticed Jessica
  3344 | D:3      | Killed Jessica
  3485 | D:3      | Reached XP level 6. HP: 40/40 MP: 10/10
  3658 | D:3      | Reached skill level 5 in Fighting
  4436 | D:4      | Found Plog's Magic Scroll Shop.
  4595 | D:4      | Noticed Blork the orc
  4607 | D:4      | Killed Blork the orc
  4928 | D:5      | Entered Level 5 of the Dungeon
  4940 | D:5      | HP: 2/40 [iguana (7)]
  4946 | D:5      | Reached skill level 5 in Maces & Flails
  5479 | D:5      | Reached XP level 7. HP: 13/44 MP: 12/12
  5661 | D:5      | Found a staircase to the Ecumenical Temple.
  6556 | D:5      | Found a shimmering blue altar of Sif Muna.
  6648 | D:6      | Learned a level 2 spell: Scorch
  6705 | D:6      | Reached XP level 8. HP: 12/49 MP: 8/14
  6963 | D:6      | Noticed Maggie
  6988 | D:6      | Killed Maggie
  6989 | D:6      | Reached skill level 6 in Maces & Flails
  6989 | D:6      | Reached skill level 5 in Spellcasting
  6989 | D:6      | Reached skill level 5 in Fire Magic
  7780 | D:7      | Noticed a troll
  7788 | D:7      | Found a bloodstained altar of Trog.
  7790 | D:7      | Noticed holycorn's ghost (novice MiBe)
  7791 | D:7      | Noticed a moth of wrath
  7807 | D:7      | Found a transporter.
  7871 | D:7      | Found a transporter.
  7939 | D:7      | Reached skill level 7 in Maces & Flails
  8079 | D:7      | Reached XP level 9. HP: 41/54 MP: 1/17
  9105 | D:8      | Reached skill level 1 in Conjurations
  9608 | D:8      | Noticed a brown ugly thing
  9619 | D:8      | Killed a brown ugly thing
  9652 | D:8      | Reached skill level 8 in Maces & Flails
  9660 | D:8      | Reached XP level 10. HP: 11/60 MP: 3/20
 10107 | D:8      | Slain by an orc warrior

Illustrated notes

Levels and vault maps discovered:
D:1:      minmay_arrival_solitary_statue, layout_basic, minmay_surrounded
D:2:      layout_basic, ebering_ecumenical_altar_rust, minmay_crystal_room
D:3:      minmay_wonky_spiral, layout_loops_ring, serial_undead,
          serial_undead_a, serial_undead_a, serial_undead_a, serial_undead_a,
          serial_undead_a, serial_undead_e, uniq_robin, uniq_jessica
D:4:      layout_rooms, serial_shops, kennysheep_mini_moat, minmay_hedge_maze,
          nicolae_hexahallways, uniq_blork_the_orc
D:5:      layout_loops_ring, lemuel_blue_sif_altar, minmay_temple_entry_mist
D:6:      layout_rooms, serial_rivers, chequers_serial_rivers_micro_c,
          chequers_serial_rivers_micro_e, chequers_serial_rivers_small_3,
          chequers_serial_rivers_room_b, chequers_serial_rivers_small_a,
          kennysheep_big_empty_room, uniq_maggie
D:7:      layout_gridville, gammafunk_ghost_wrathful_warriors
D:8:      layout_loops_corners, mainiacjoe_overflow_swirl, lightli_minifort

Skill      XL: |  1  2  3  4  5  6  7  8  9 |
---------------+----------------------------+-----
Fighting       | 4 5 6 |  6.3
Spellcasting   | 2 3 4 5 6 |  6.9
Maces & Flails | 4 5 7 8 |  8.2
Fire Magic     | 4 6 7 |  7.4
Conjurations   | 3 |  3.4

Action                   |  1- 3 |  4- 6 |  7- 9 | 10-12 || total
-------------------------+-------+-------+-------+-------++-------
Melee: Mace              |   152 |   268 |   102 |       ||   522
       Punch             |       |     1 |       |       ||     1
       Whip              |       |       |   115 |     8 ||   123
 Cast: Scorch            |       |       |    67 |    18 ||    85
Invok: Fiery Armour      |       |     5 |     8 |       ||    13
  Use: Scroll            |       |     2 |    17 |     1 ||    20
       Potion            |       |     2 |     4 |       ||     6
Armor: Robe              |    83 |   192 |    51 |       ||   326
       Steam dragon scal |       |       |    79 |     5 ||    84
Dodge: Dodged            |   109 |   174 |   136 |     9 ||   428
Block: Buckler           |       |    21 |    20 |     1 ||    42
